Map: [ESL] Cosmic Sapphire

Players

Astrea - Winner!

  • Race: Protoss Protoss
  • League: Grandmaster
  • Spawn Location: 5:00

Reynor

  • Race: Zerg Zerg
  • Spawn Location: 11:00

Event: TSL 9

VOD

Have the link to the VOD?

Description

Time

  • Played on: Aug. 5, 2022, 7:43 a.m.
  • Length: 22:48

All games in this series

Show
View Real Time Build Order
Export as new Build Order

Astrea Protoss - Winner!

Build Orders: 1 Gate Expand, Oracle Opening, Carriers, Zealot Archon, Archon Drop 

Get SALT Encoding   

  12  0:00  Probe  
  13  0:12  Probe  
  14  0:20  Pylon  
  14  0:24  Probe  
  15  0:38  Probe (Chrono Boost)  
  16  0:42  Gateway  
  16  0:47  Probe (Chrono Boost)  
  17  0:52  Probe (Chrono Boost), Assimilator  
  18  1:04  Probe  
  19  1:16  Probe  
  20  1:24  Nexus  
  20  1:28  Probe  
  21  1:38  Cybernetics Core  
  21  1:44  Assimilator  
  21  1:45  Probe  
  22  1:53  Pylon  
  22  1:57  Probe  
  23  2:11  Adept (Chrono Boost), Probe (Chrono Boost)  
  26  2:21  Probe (Chrono Boost), Stargate  
  27  2:26  Probe (Chrono Boost)  
  28  2:31  Warp Gate  
  28  2:35  Adept  
  30  2:38  Probe (Chrono Boost)  
  30  2:43  Probe (Chrono Boost)  
  32  2:47  Probe (Chrono Boost)  
  34  2:51  Probe (Chrono Boost)  
  34  2:52  Probe (Chrono Boost)  
  35  3:02  Probe  
  35  3:04  Probe  
  41  3:08  Void Ray (Chrono Boost)  
  41  3:12  Pylon  
  41  3:14  Probe  
  41  3:16  Probe  
  43  3:26  Probe  
  44  3:28  Probe  
  44  3:33  Nexus  
  45  3:35  Oracle (Chrono Boost)  
  48  3:42  Probe x2  
  48  3:45  Pylon  
  50  3:54  Probe x2  
  52  3:57  Pylon  
  52  4:00  Assimilator  
  52  4:02  Assimilator  
  52  4:07  Probe x2 (Chrono Boost)  
  52  4:08  Forge  
  54  4:11  Twilight Council  
  54  4:19  Probe (Chrono Boost)  
  54  4:23  Robotics Facility, Probe (Chrono Boost)  
  56  4:25  Probe (Chrono Boost)  
  56  4:30  Probe  
  58  4:33  Probe  
  59  4:40  Gateway  
  59  4:45  Probe (Chrono Boost)  
  61  4:46  Probe x2 (Chrono Boost)  
  61  4:47  Pylon  
  61  4:48  Charge  
  61  4:50  Protoss Ground Weapons Level 1  
  62  4:55  Probe x2 (Chrono Boost)  
  62  4:57  Probe (Chrono Boost)  
  62  4:58  Adept  
  65  5:00  Probe x2 (Chrono Boost)  
  65  5:06  Probe  
  67  5:11  Observer  
  67  5:12  Probe (Chrono Boost)  
  67  5:13  Probe (Chrono Boost)  
  70  5:18  Templar Archives  
  71  5:23  Gateway  
  71  5:24  Probe x2 (Chrono Boost)  
  71  5:25  Gateway  
  73  5:29  Probe (Chrono Boost), Assimilator  
  73  5:30  Probe (Chrono Boost)  
  73  5:31  Assimilator  
  73  5:32  Probe (Chrono Boost)  
  75  5:35  Probe  
  75  5:36  Observer  
  75  5:37  Adept  
  75  5:38  Probe  
  80  5:43  Probe  
  80  5:47  Gateway  
  80  5:48  Probe  
  80  5:49  Gateway  
  82  5:50  Gateway, Probe  
  82  5:52  Gateway  
  82  5:55  Probe  
  84  5:57  Warp Prism (Chrono Boost)  
  84  6:01  Probe, High Templar x2  
  91  6:08  Probe  
  91  6:10  Archon  
  88  6:12  Photon Cannon  
  88  6:20  High Templar x2  
  88  6:24  Archon  
  93  6:25  Observer  
  93  6:26  Immortal (Chrono Boost)  
  93  6:27  Nexus  
  93  6:28  Pylon  
  93  6:39  Shield Battery  
  93  6:46  Probe x3, Pylon x2  
  93  6:47  Pylon  
  96  6:48  Immortal (Chrono Boost)  
  99  6:55  Photon Cannon  
  99  6:57  Shield Battery, Protoss Ground Weapons Level 2 (Chrono Boost)  
  99  7:00  Probe  
  100  7:03  Robotics Bay, Probe  
  101  7:09  Sentry x2  
  101  7:10  Probe  
  106  7:16  Immortal (Chrono Boost), Probe x2  
  106  7:18  Shield Battery  
  106  7:19  Pylon  
  106  7:20  Blink  
  106  7:22  Zealot x2  
  116  7:25  Probe  
  116  7:27  High Templar x2  
  121  7:31  Archon  
  121  7:33  Probe x2, Photon Cannon  
  121  7:38  Probe  
  121  7:43  Shield Battery, Photon Cannon  
  121  7:44  Probe  
  121  7:46  Disruptor (Chrono Boost)  
  121  7:50  Stalker x3  
  130  7:53  Pylon  
  130  7:55  Stalker x2  
  134  8:02  Stalker x3  
  138  8:09  Disruptor (Chrono Boost), Pylon  
  138  8:10  Pylon  
  138  8:12  Photon Cannon  
  138  8:16  Stalker x2  
  145  8:21  Stalker x2  
  145  8:23  Stalker  
  151  8:30  Pylon  
  151  8:32  Pylon  
  151  8:34  Stalker x2  
  155  8:40  Stalker x3  
  161  8:43  Disruptor (Chrono Boost)  
  164  8:49  Assimilator  
  164  8:50  Assimilator  
  164  8:56  Zealot x3  
  164  8:58  Stalker x2  
  174  9:10  Stalker x3  
  174  9:11  Pylon  
  174  9:13  Pylon  
  180  9:23  Stalker  
  180  9:24  Stalker x3  
  188  9:34  Zealot x4  
  193  9:39  Disruptor  
  187  9:49  Zealot x4  
  187  9:50  Probe x4  
  190  10:01  Protoss Ground Weapons Level 3 (Chrono Boost)  
  190  10:04  Zealot x4  
  194  10:19  Disruptor  
  195  10:23  Nexus  
  195  10:25  Fleet Beacon  
  195  10:26  Observer  
  195  10:27  Stargate, Pylon  
  195  10:28  Stargate  
  195  10:32  Pylon  
  195  10:33  Protoss Air Weapons Level 1 (Chrono Boost)  
  194  10:49  Oracle (Chrono Boost)  
  194  10:52  Zealot  
  196  11:05  Zealot x3  
  197  11:11  Photon Cannon  
  197  11:12  Pylon  
  197  11:15  Photon Cannon  
  187  11:26  Carrier (Chrono Boost)  
  187  11:28  Nexus  
  187  11:31  Carrier (Chrono Boost), Psionic Storm  
  196  11:41  Photon Cannon  
  196  11:42  Photon Cannon  
  196  11:43  Gravitic Boosters  
  196  11:44  Photon Cannon  
  196  11:46  Photon Cannon  
  177  12:06  Void Ray (Chrono Boost)  
  177  12:07  Zealot x8  
  163  12:20  Carrier (Chrono Boost)  
  151  12:32  Void Ray (Chrono Boost)  
  151  12:33  Carrier (Chrono Boost)  
  105  13:04  Probe  
  106  13:11  Carrier (Chrono Boost)  
  118  13:14  Carrier (Chrono Boost)  
  118  13:18  Nexus  
  118  13:27  Disruptor  
  121  13:35  Zealot x2  
  121  13:36  Zealot x5  
  121  13:39  Protoss Shields Level 1  
  121  13:40  Gateway  
  135  13:43  Void Ray (Chrono Boost)  
  129  13:57  Probe x3  
  129  13:58  Pylon  
  129  14:01  Photon Cannon  
  129  14:02  Pylon  
  132  14:06  High Templar x5  
  132  14:09  Probe  
  143  14:10  Archon  
  143  14:14  Carrier (Chrono Boost)  
  143  14:15  Shield Battery  
  155  14:18  Carrier (Chrono Boost)  
  152  14:38  Disruptor (Chrono Boost)  
  155  14:46  Archon  
  151  15:00  Zealot x7  
  151  15:04  Oracle (Chrono Boost)  
  164  15:08  Disruptor (Chrono Boost)  
  167  15:14  Photon Cannon  
  167  15:15  Photon Cannon  
  167  15:16  Cybernetics Core  
  163  15:28  Assimilator  
  155  15:34  Pylon  
  155  15:42  Nexus, High Templar  
  155  15:43  High Templar x4  
  155  15:45  Zealot, High Templar  
  169  15:51  Archon  
  169  15:52  Archon  
  153  16:05  Archon  
  153  16:06  Disruptor  
  156  16:17  Zealot x4  
  164  16:19  High Templar x3  
  170  16:34  Protoss Air Weapons Level 2 (Chrono Boost)  
  170  16:35  Pylon  
  170  16:36  Unknown  
  162  16:41  Carrier (Chrono Boost)  
  162  16:42  Disruptor  
  169  16:56  Probe x3  
  169  16:57  Probe x2  
  169  16:58  Photon Cannon  
  169  16:59  Shield Battery  
  174  17:16  High Templar x4  
  174  17:17  Zealot x3  
  174  17:20  Archon, Photon Cannon, Pylon  
  174  17:21  Archon  
  193  17:38  Carrier (Chrono Boost)  
  189  17:55  Immortal  
  193  18:00  Photon Cannon  
  193  18:01  Zealot x3  
  193  18:02  Photon Cannon x2  
  193  18:04  Shield Battery  
  193  18:18  Nexus  
  189  18:28  Protoss Shields Level 2 (Chrono Boost)  
  187  18:37  Zealot x6  
  178  18:56  Protoss Air Weapons Level 3  
  178  18:59  Probe  
  179  19:02  Zealot  
  179  19:03  Zealot x6  
  185  19:15  Observer  
  185  19:17  Pylon  
  179  19:28  Nexus  
  171  19:36  High Templar x5  
  171  19:37  Zealot, High Templar  
  185  19:40  Archon x2  
  185  19:41  Archon  
  185  19:48  Photon Cannon  
  185  19:50  Photon Cannon  
  185  19:52  Shield Battery  
  185  19:53  Pylon  
  175  20:33  Observer  
  162  20:40  Probe  
  162  20:41  Probe x5, Assimilator  
  165  20:44  Assimilator  
  165  20:55  Observer  
  166  20:57  Archon  
  166  20:59  High Templar x7  
  180  21:10  Archon  
  176  21:15  Disruptor  
  169  21:26  Carrier (Chrono Boost)  
  169  21:27  Carrier x2 (Chrono Boost)  
  181  21:42  Zealot x7, Observer  
  193  22:26  Pylon  
Show
View Real Time Build Order
Export as new Build Order

Reynor Zerg 

Build Orders: Hatch First, Lurkers 

Get SALT Encoding   

  12  0:00  Drone  
  13  0:11  Overlord  
  13  0:16  Drone  
  14  0:30  Drone x2  
  16  0:47  Drone  
  17  0:55  Drone, Hatchery  
  17  0:59  Drone  
  18  1:09  Extractor  
  17  1:13  Spawning Pool  
  17  1:17  Drone  
  17  1:21  Drone  
  18  1:28  Drone  
  19  1:38  Drone  
  20  1:48  Overlord  
  20  1:59  Queen  
  22  2:06  Queen  
  22  2:07  Drone x2  
  26  2:11  Zergling x2  
  26  2:13  Metabolic Boost  
  27  2:18  Zergling x2  
  27  2:21  Drone  
  29  2:28  Drone  
  30  2:34  Drone  
  31  2:40  Drone, Hatchery  
  31  2:47  Queen  
  33  2:52  Overlord  
  33  2:54  Drone  
  33  2:57  Drone  
  35  3:00  Drone  
  36  3:10  Overlord  
  36  3:11  Drone x4  
  40  3:17  Queen  
  42  3:21  Overlord  
  42  3:25  Overlord  
  42  3:30  Drone  
  42  3:33  Queen  
  45  3:35  Drone  
  45  3:40  Drone  
  45  3:41  Drone  
  48  3:42  Drone  
  48  3:43  Drone  
  50  3:52  Zergling x2  
  50  3:53  Zergling x4  
  50  3:55  Drone x3  
  56  3:58  Queen  
  56  4:02  Spore Crawler  
  57  4:04  Zergling x4  
  57  4:06  Drone  
  59  4:10  Spore Crawler  
  59  4:11  Spore Crawler  
  59  4:15  Drone x2  
  59  4:18  Overlord  
  59  4:24  Drone  
  59  4:25  Drone  
  59  4:26  Drone x3  
  59  4:29  Spore Crawler  
  59  4:31  Drone  
  65  4:35  Overlord  
  65  4:38  Drone x2  
  65  4:39  Lair  
  65  4:44  Drone x2, Roach Warren  
  67  4:46  Drone  
  67  4:47  Drone  
  67  4:48  Drone  
  70  4:53  Overlord  
  70  4:56  Drone x4  
  74  5:00  Overlord  
  73  5:08  Drone x2  
  73  5:10  Queen, Extractor  
  73  5:11  Drone x3, Extractor  
  73  5:13  Drone, Evolution Chamber  
  78  5:15  Drone x2  
  78  5:17  Extractor  
  78  5:18  Drone x2  
  81  5:23  Overlord  
  81  5:24  Drone x3  
  82  5:28  Roach  
  82  5:29  Roach  
  82  5:35  Roach x2  
  90  5:39  Zerg Missile Weapons Level 1  
  94  5:42  Roach x2  
  94  5:46  Hatchery  
  94  5:47  Overlord  
  94  5:49  Drone x4  
  97  5:50  Extractor  
  97  5:51  Drone  
  97  5:52  Roach, Extractor  
  97  5:54  Overlord  
  97  5:56  Roach  
  100  5:59  Overlord  
  100  6:02  Roach x2  
  100  6:04  Overlord  
  104  6:06  Drone  
  104  6:09  Spore Crawler  
  103  6:14  Glial Reconstitution  
  103  6:15  Overseer  
  103  6:17  Drone  
  104  6:20  Infestation Pit  
  104  6:24  Roach x6  
  115  6:29  Roach x3  
  120  6:39  Drone x6  
  126  6:43  Overlord  
  126  6:44  Drone x3  
  129  6:49  Drone x3  
  129  6:50  Drone  
  129  6:51  Overlord  
  129  6:53  Drone x4  
  137  7:01  Drone x3, Hive  
  137  7:03  Hydralisk Den  
  137  7:04  Evolution Chamber  
  137  7:06  Roach  
  140  7:10  Overlord  
  140  7:11  Drone  
  140  7:12  Queen  
  140  7:14  Extractor  
  140  7:15  Extractor  
  141  7:17  Roach x2  
  141  7:21  Drone  
  141  7:22  Drone x6  
  150  7:25  Roach  
  150  7:29  Roach  
  153  7:32  Ravager x3  
  153  7:34  Overlord  
  156  7:38  Zerg Missile Weapons Level 2  
  156  7:39  Lurker Den  
  155  7:46  Roach x6  
  155  7:50  Overlord  
  167  7:52  Hatchery, Zerg Melee Weapons Level 1  
  167  7:54  Muscular Augments  
  166  8:04  Overlord x3  
  166  8:06  Hydralisk x5  
  176  8:16  Adrenal Glands  
  176  8:23  Overlord  
  176  8:33  Zergling x16  
  178  8:44  Lurker x4  
  178  8:45  Zergling x2, Seismic Spines  
  178  8:46  Zergling x28  
  195  8:48  Lurker  
  195  8:53  Spore Crawler  
  195  8:54  Spine Crawler  
  194  8:57  Hydralisk x2  
  194  8:58  Zergling x4  
  194  9:00  Overlord  
  194  9:02  Pneumatized Carapace  
  199  9:13  Unknown  
  192  9:24  Hydralisk x3  
  196  9:37  Hydralisk x5  
  199  9:43  Hydralisk x2, Adaptive Talons  
  199  9:44  Hydralisk x2  
  199  9:49  Zergling x8  
  199  9:50  Lurker  
  199  9:51  Lurker  
  195  9:56  Hydralisk x5  
  195  9:57  Zergling x4, Hydralisk  
  195  10:01  Zergling x2, Hydralisk x2  
  195  10:02  Zergling x6  
  195  10:04  Hydralisk  
  195  10:06  Roach  
  189  10:10  Lurker x4  
  189  10:11  Zergling x18  
  189  10:12  Zergling x2  
  198  10:17  Roach  
  196  10:23  Drone x2  
  196  10:24  Lurker  
  196  10:25  Lurker  
  200  10:29  Hatchery  
  200  10:30  Hatchery  
  193  10:42  Zergling x14  
  200  10:49  Hydralisk x2  
  193  10:50  Zergling x4  
  197  11:01  Hydralisk  
  197  11:02  Zergling x2  
  197  11:03  Zergling x2  
  194  11:07  Hydralisk x2  
  194  11:08  Zergling x24  
  194  11:11  Lurker x2  
  195  11:22  Zergling x4, Hydralisk x3  
  185  11:31  Roach x3  
  185  11:32  Roach  
  189  11:34  Lurker  
  189  11:35  Lurker x4  
  189  11:36  Drone x3  
  197  11:41  Hydralisk  
  199  11:55  Hydralisk x3  
  199  11:59  Hydralisk x2  
  199  12:00  Zergling x12  
  183  12:03  Hydralisk  
  183  12:04  Zergling x14  
  183  12:06  Hydralisk x2  
  183  12:07  Hydralisk  
  187  12:14  Roach  
  181  12:16  Hydralisk x2  
  181  12:18  Hydralisk  
  181  12:21  Queen  
  182  12:23  Hydralisk  
  182  12:28  Hydralisk x7  
  182  12:29  Zergling x4  
  193  12:30  Lurker Den  
  193  12:32  Hydralisk x2  
  193  12:33  Zergling x2  
  194  12:40  Hydralisk  
  194  12:41  Zergling x2  
  177  12:44  Hydralisk  
  177  12:50  Hydralisk x3  
  169  12:54  Queen  
  169  12:55  Hydralisk x7  
  169  12:56  Hydralisk  
  169  12:57  Zergling x4  
  169  12:58  Zergling x2  
  179  13:03  Drone x3, Extractor  
  179  13:04  Hydralisk, Extractor  
  179  13:05  Zergling x2  
  183  13:08  Queen  
  183  13:09  Overlord  
  183  13:12  Hydralisk  
  184  13:20  Zergling x12  
  184  13:21  Zergling x2  
  191  13:31  Drone x5  
  191  13:32  Drone  
  197  13:34  Overlord  
  197  13:35  Viper  
  197  13:38  Zerg Missile Weapons Level 3  
  200  13:43  Hatchery, Viper  
  198  13:57  Lurker x2  
  200  14:04  Spore Crawler  
  200  14:05  Lurker  
  200  14:07  Spire  
  199  14:14  Spore Crawler  
  198  14:20  Drone x2  
  198  14:23  Drone  
  198  14:24  Drone x2  
  196  14:33  Viper  
  184  14:38  Drone x3  
  184  14:39  Drone x2  
  184  14:41  Hydralisk x5  
  194  14:48  Hydralisk x6  
  200  14:57  Hydralisk  
  200  15:02  Extractor  
  200  15:04  Zergling x2  
  197  15:08  Overlord  
  197  15:13  Lurker x3  
  198  15:25  Lurker  
  198  15:26  Lurker x3  
  198  15:27  Zerg Flyer Weapons Level 1  
  200  15:40  Spire  
  193  16:02  Drone x3  
  194  16:11  Hydralisk  
  194  16:17  Lurker  
  194  16:18  Lurker  
  198  16:29  Spore Crawler x2  
  198  16:30  Spore Crawler, Zergling x6  
  198  16:31  Spore Crawler  
  193  16:36  Hatchery  
  190  16:46  Queen  
  191  16:56  Corruptor x4  
  191  17:00  Spore Crawler  
  198  17:01  Spore Crawler  
  198  17:06  Drone x3  
  198  17:07  Zerg Flyer Armor Level 1  
  200  17:14  Corruptor x5  
  198  17:22  Zerg Flyer Weapons Level 2  
  198  17:27  Spore Crawler  
  198  17:28  Spore Crawler  
  193  17:35  Corruptor x4, Hatchery  
  193  17:36  Spine Crawler  
  200  17:37  Spine Crawler  
  198  17:45  Zerg Melee Weapons Level 2  
  198  18:00  Spore Crawler  
  198  18:01  Spore Crawler  
  198  18:03  Corruptor  
  198  18:23  Corruptor x3  
  200  18:33  Hatchery  
  195  18:45  Queen  
  195  18:50  Corruptor x2  
  196  18:59  Corruptor, Hydralisk x11  
  196  19:00  Corruptor x4  
  184  19:08  Viper x2  
  182  19:15  Lurker x11  
  182  19:16  Corruptor x3  
  182  19:17  Corruptor x2  
  191  19:19  Zergling x2  
  185  19:30  Hydralisk x12  
  175  19:31  Zergling x16  
  175  19:34  Roach x5  
  175  19:35  Roach x3  
  175  19:36  Lurker x2  
  175  19:37  Lurker  
  200  19:48  Hatchery  
  200  19:50  Zerg Flyer Weapons Level 3, Zerg Flyer Armor Level 2  
  161  20:00  Hydralisk x8  
  161  20:03  Hydralisk x3  
  177  20:08  Lurker  
  177  20:09  Lurker x5  
  177  20:10  Hydralisk  
  177  20:11  Hydralisk  
  181  20:14  Hydralisk x2  
  177  20:22  Hydralisk  
  151  20:35  Zergling x4  
  151  20:36  Zergling x10, Queen  
  151  20:42  Roach  
  154  20:46  Roach  
  149  20:52  Roach x2  
  141  21:00  Roach  
  141  21:03  Roach x3  
  141  21:04  Roach  
  129  21:06  Roach  
  129  21:11  Drone x3  
  132  21:16  Roach  
  135  21:21  Roach  
  110  21:39  Lurker x4  
  114  21:40  Zergling x16  
  114  21:46  Zergling x6  
  127  21:50  Lurker  
  127  21:51  Hatchery  
  128  21:54  Zergling x6  
  128  22:00  Zergling x6  
  128  22:03  Zergling x4  
  127  22:22  Zergling x8  
Tags
 
Add a new tag
Caveats
  • Supply blocks, unpowered buildings, or Contaminate may cause inaccurate times.
  • Supply counts are checked every 10 seconds.